 Dungeon Crawl Stone Soup version 0.17-a0-2002-g92c7e20 (webtiles) character file.

20529 4thArraOfDagon the Cleaver (level 12, -1/102 HPs)
             Began as a Deep Dwarf Berserker on Oct 8, 2015.
             Was a Priest of Trog.
             Slain by a four-headed hydra (3 damage)
             ... on level 8 of the Lair of Beasts.
             The game lasted 00:25:39 (3517 turns).

4thArraOfDagon the Cleaver (Deep Dwarf Berserker)   Turns: 3517, Time: 00:25:39

Health: -1/102     AC: 15    Str: 22      XL:     12   Next: 46%
Magic:  0/17       EV: 11    Int: 11 (14) God:    Trog [***...]
Gold:   423        SH:  0    Dex: 14      Spells: 0 memorised, 11 levels left

rFire  . . .     SeeInvis .     E - +0 battleaxe (drain)
rCold  + . .     Clarity  .     o - +1 scale mail {rC+}
rNeg   . . .     SustAt   .     (no shield)
rPois  .         Gourm    .     x - +0 helmet
rElec  .         Spirit   .     g - +0 cloak {MR+}
rCorr  .         Warding  .     q - +1 pair of gloves
rMut   .         Stasis   .     (no boots)
MR     ++++.                    (no amulet)
Stlth  ..........               (no ring)
                                (no ring)

@: lethally poisoned (-1 -> -1), non-regenerating, studying Short Blades,
incredibly resistant to hostile enchantments, extremely unstealthy
A: damage resistance, recharge devices, agile 1, clever 1, frail 1, sense
surroundings 2, slow regeneration 3, evolution 1, MP-powered wands
a: Device Recharging, Burn Spellbooks, Berserk, Trog's Hand, Renounce Religion


You were on level 8 of the Lair of Beasts.
You worshipped Trog.
Trog was most pleased with you.
You were not hungry.

You visited 2 branches of the dungeon, and saw 22 of its levels.

You collected 423 gold pieces.

Inventory:

Hand Weapons
 n - the +6 lajatang "Newtslayer" {venom, Dex+2}
   (You found it on level 8 of the Lair of Beasts)

   It poisons the flesh of those it strikes.
   It affects your dexterity (+2).
 v - a +0 war axe
 w - a +0 war axe of electrocution
 E - a +0 battleaxe of draining (weapon)
Armour
 g - a +0 cloak of magic resistance (worn)
 o - a +1 scale mail of cold resistance (worn)
 q - a +1 pair of gloves (worn)
 x - a +0 helmet (worn)
 A - a cursed +0 chain mail
Magical Staves
 m - an uncursed staff of power {unknown}
 I - an uncursed staff of earth {unknown}
Rods
 G - a -3 rod of shadows (13/13)
   (You found it on level 5 of the Lair of Beasts)
Wands
 a - a wand of lightning (0)
 c - a wand of heal wounds (0)
 i - a wand of draining (0)
 t - a wand of paralysis (3)
 D - a wand of frost (21)
Scrolls
 e - a scroll of teleportation
 h - 4 scrolls of remove curse
 j - a scroll of immolation
 l - a scroll of enchant armour
 s - a scroll of recharging
 y - 4 scrolls of identify
Potions
 u - a potion of brilliance
 z - 3 potions of lignification
 F - 2 potions of curing
 K - 2 potions of flight
 L - a potion of might
Books
 k - a manual of Short Blades
 r - a book of Death

   Spells                             Type                      Level
   a - Corpse Rot                     Necromancy                   2
   b - Sublimation of Blood           Necromancy                   2
   c - Agony                          Necromancy                   5
   d - Dispel Undead                  Necromancy                   5
   e - Excruciating Wounds            Charms/Necromancy            5
   f - Bolt of Draining               Conjuration/Necromancy       5
   Trog disapproves of the use of such an item.
Miscellaneous
 p - a stone of tremors
 J - a box of beasts
Comestibles
 b - a meat ration
 d - 2 bread rations
 f - 4 beef jerkies
 B - 6 fruits
 H - a royal jelly


   Skills:
 + Level 9.0 Fighting
 * Level 14.3 Axes
 + Level 10.7 Armour
 - Level 2.1 Dodging
 + Level 11.7 Evocations


You had 11 spell levels left.
You didn't know any spells.

Dungeon Overview and Level Annotations

Branches:
Dungeon (14/15) Lair (8/8) D:9 Vaults (0/5) D:12 D:13 Temple: D:4-7 Swamp: Lair:3-6 Shoals: Lair:3-6 Snake: Lair:3-6 Spider: Lair:3-6 Slime: Lair:6-8 Orc: D:9-12

Altars:
Fedhas
Kikubaaqudgha
Trog
Vehumet
Yredelemnul

Annotations:
D:6 Duvessa
D:13 Rupert


Innate Abilities, Weirdness & Mutations

You are resistant to damage.
You can recharge devices by infusing magical energy.
You passively map the area around you.
You do not regenerate naturally.
You are agile. (Dex +2)
Your mind is acute. (Int +2)
You are frail (-10% HP).
You evolve.
You expend magic power (3 MP) to strengthen your wands.


Message History

Unknown command.
Evoke which item? (* to show all) (? for menu, Esc to quit)
Zapping:
c - a wand of heal wounds (1)
Press: ? - help, Shift-Dir - straight line, f - you You feel much better.
This wand has 0 charges left.
The black mamba bites you. The seven-headed hydra bites you!
* * * LOW HITPOINT WARNING * * *
The seven-headed hydra bites you but does no damage.
The seven-headed hydra barely misses you.
The seven-headed hydra bites you but does no damage.
The seven-headed hydra bites you!
* * * LOW HITPOINT WARNING * * *
The seven-headed hydra bites you.
* * * LOW HITPOINT WARNING * * *
The seven-headed hydra closely misses you.
The four-headed hydra bites you!
* * * LOW HITPOINT WARNING * * *
The four-headed hydra closely misses you.
The four-headed hydra bites you.
You die...

P.##.........P.#....#.# ,
.....................# , ,
, .....................# ,
....................## *
....................### * ,
......................# , ,
........(.......F....P# , ,
.................F....# **
,, ................@D.H.###
, ,
...............§SDF....###
.................t........
,,
................§F.........
,,
...................F.$.....
, ,
...........................
,
...................P......F
, ,
...............##.P.......
.................#P.......,
, ,,


You could see a seven-headed hydra, a four-headed hydra, a griffon, a black
mamba, 5 blink frogs and a crocodile.

Vanquished Creatures
  Donald (D:12)
  2 dire elephants (Lair:8)
  An anaconda (Lair:8)
  Pikel (D:7)
  2 griffons
  5 hill giants
  4 spiny frogs
  2 black mambas
  2 torpor snails
  3 komodo dragons
  A troll (D:11)
  3 fire drakes
  A slime creature (D:12)
  A wraith (D:12)
  A basilisk (D:9)
  2 humans (D:12)
  23 yaks
  A hippogriff (Lair:8)
  3 wolves (Lair:2)
  7 porcupines
  3 ice beasts
  5 water moccasins
  An orc warrior (D:8)
  2 black bears
  An eye of draining (D:11)
  7 centaurs
  10 crocodiles
  A brain worm (Lair:8)
  9 giant frogs
  A scorpion (D:8)
  2 wights
  A crimson imp (D:5)
  A centaur zombie (D:6)
  A hound (D:12)
  An orc priest (D:12)
  A centaur skeleton (D:10)
  2 hell rats (Lair:1)
  2 orc wizards (D:8)
  4 iguanas
  6 sheep
  11 worker ants
  9 river rats
  4 adders
  2 shadow imps
  2 worms
  11 orcs
  A bat (D:2)
  4 giant cockroaches
  A goblin (D:2)
  2 hobgoblins
  A quokka (D:5)
  2 giant geckos
  A giant newt (D:2)
  3 jackals (D:8)
  3 rats
  2 butterflies (D:8)
  4 plants
  3 toadstools (D:1)
193 creatures vanquished.

Vanquished Creatures (others)
  An orc wizard (D:8)
  A worker ant (D:7)
  5 fungi
  4 plants
11 creatures vanquished.

Grand Total: 204 creatures vanquished

Notes
Turn   | Place    | Note
--------------------------------------------------------------
     0 | D:1      | 4thArraOfDagon the Deep Dwarf Berserker began the quest for the Orb.
     0 | D:1      | Reached XP level 1. HP: 20/20 MP: 1/1
   113 | D:2      | Reached XP level 2. HP: 27/27 MP: 2/2
   188 | D:3      | Found a radiant altar of Vehumet.
   206 | D:3      | Reached skill level 4 in Axes
   227 | D:4      | Gained mutation: Your mind is acute. (Int +2) [potion of mutation]
   227 | D:4      | Gained mutation: You are frail (-10% HP). [potion of mutation]
   227 | D:4      | Gained mutation: You evolve. [potion of mutation]
   253 | D:4      | Reached XP level 3. HP: 21/30 MP: 3/3
   280 | D:4      | Found a bloodstained altar of Trog.
   297 | D:4      | You fall through a shaft!
   297 | D:5      | Entered Level 5 of the Dungeon
   325 | D:5      | Reached skill level 1 in Evocations
   325 | D:5      | Reached XP level 4. HP: 37/37 MP: 4/4
   354 | D:5      | Noticed a phantom
   367 | D:5      | Acquired Trog's second power
   390 | D:5      | You fall through a shaft!
   415 | D:6      | Noticed Duvessa
   435 | D:5      | Noticed a centaur
   435 | D:5      | Noticed an ice beast
   442 | D:5      | Killed a centaur
   442 | D:5      | Reached skill level 5 in Axes
   442 | D:5      | Reached XP level 5. HP: 4/44 MP: 6/6
   445 | D:5      | Killed an ice beast
   445 | D:5      | Reached XP level 6. HP: 4/51 MP: 6/8
   684 | D:7      | Noticed Pikel
   721 | D:7      | Reached skill level 6 in Axes
   722 | D:7      | Killed Pikel
   722 | D:7      | Reached skill level 7 in Axes
   722 | D:7      | Reached skill level 5 in Armour
   722 | D:7      | Reached XP level 7. HP: 59/59 MP: 8/10
   784 | D:8      | Reached XP level 8. HP: 47/65 MP: 11/11
   834 | D:8      | Found a runed door.
   838 | D:8      | Found a runed door.
   843 | D:8      | Reached skill level 5 in Evocations
   855 | D:8      | Reached skill level 8 in Axes
   910 | D:8      | Reached skill level 5 in Fighting
  1061 | D:9      | Found a staircase to the Lair.
  1089 | D:9      | Reached skill level 9 in Axes
  1089 | D:9      | Gained mutation: You passively map the area around you. [Deep Dwarf growth]
  1089 | D:9      | Reached XP level 9. HP: 52/72 MP: 11/11
  1106 | D:9      | Reached skill level 10 in Axes
  1186 | D:9      | Reached XP level 10. HP: 42/82 MP: 13/13
  1370 | D:9      | Found an ancient bone altar of Kikubaaqudgha.
  1371 | D:9      | Found a blossoming altar of Fedhas.
  1386 | D:9      | Noticed a griffon
  1399 | D:9      | Killed a griffon
  1416 | D:9      | Gained mutation: You expend magic power (3 MP) to strengthen your wands. [potion of mutation]
  1416 | D:9      | Gained mutation: You are agile. (Dex +2) [potion of mutation]
  1438 | D:10     | Entered Level 10 of the Dungeon
  1438 | D:10     | Noticed a hill giant
  1475 | D:10     | Killed a hill giant
  1475 | D:10     | Reached skill level 11 in Axes
  1697 | D:13     | Noticed a hill giant
  1703 | D:13     | Killed a hill giant
  1759 | D:13     | Noticed a tengu warrior
  1779 | D:14     | Noticed a manticore
  1789 | D:13     | Found a gate to the Vaults.
  1789 | D:13     | Noticed Rupert
  1789 | D:13     | Noticed a skeletal warrior
  1790 | D:13     | Noticed Donald
  1804 | D:11     | Noticed a hill giant
  1813 | D:11     | Killed a hill giant
  1874 | D:12     | Noticed a hill giant
  1875 | D:12     | :(
  1882 | D:12     | Killed a hill giant
  1913 | D:12     | Found a basalt altar of Yredelemnul.
  1935 | D:12     | Killed Donald
  1935 | D:12     | Reached skill level 12 in Axes
  1935 | D:12     | Reached XP level 11. HP: 90/90 MP: 9/16
  1941 | D:12     | Noticed a hill giant
  1952 | D:12     | Killed a hill giant
  2201 | D:11     | Reached skill level 10 in Evocations
  2329 | Lair:1   | Entered Level 1 of the Lair of Beasts
  2423 | Lair:2   | HP: 1/138 [wolf (8)]
  2538 | Lair:1   | Reached skill level 13 in Axes
  2904 | Lair:6   | Identified a -3 rod of shadows (13/13) (You found it on level 5 of the Lair of Beasts)
  2913 | Lair:6   | Identified a scroll of acquirement
  2915 | Lair:6   | :)
  2974 | Lair:5   | Reached skill level 10 in Armour
  3037 | Lair:5   | Noticed a seven-headed hydra
  3118 | Lair:7   | Reached XP level 12. HP: 84/100 MP: 14/17
  3167 | Lair:8   | Entered Level 8 of the Lair of Beasts
  3320 | Lair:8   | Noticed an anaconda
  3330 | Lair:8   | Killed an anaconda
  3330 | Lair:8   | Reached skill level 14 in Axes
  3373 | Lair:8   | Noticed a dire elephant
  3373 | Lair:8   | Noticed a dire elephant
  3388 | Lair:8   | Killed a dire elephant
  3392 | Lair:8   | Killed a dire elephant
  3401 | Lair:8   | Got a smoking lajatang
  3407 | Lair:8   | Identified the +6 lajatang "Newtslayer" {venom, Dex+2} (You found it on level 8 of the Lair of Beasts)
  3420 | Lair:8   | :(
  3503 | Lair:8   | Noticed a seven-headed hydra
  3507 | Lair:8   | Noticed a four-headed hydra
  3514 | Lair:8   | HP: 3/102 [black mamba (7)]
  3517 | Lair:8   | Slain by a four-headed hydra

Vault maps used:
D:1:      ldierk_water_garden, minmay_misc_feat_four_crosses, amethyst_killhole,
          dk_noncrumbling_4
D:2:      nicolae_overflow_hidden_temple
D:3:      vehumet_crystals, serial_co_window_serial, co_window_of_opportunity_a,
          co_window_paths_a, co_window_paths_a, co_window_of_opportunity_a,
          co_window_corner_a, co_window_corner_a, co_window_paths_a,
          co_window_corner_b, co_window_cross_2, co_window_corner_b,
          co_window_of_opportunity_b, co_window_broadway_b, co_window_paths_e,
          glass_columns_c, glass_columns_b, glass_columns_b
D:4:      trog_butcher_becter
D:5:      first_bread, nrook_mini_backslash, kennysheep_generic_room_14
D:6:      grunt_temple_overflow_bloody_war, minmay_misc_feat_chi, st_stairs_3,
          uniq_duvessa
D:7:      minmay_temple_entry_poolview, basic_altar, uniq_pikel
D:8:      lemuel_insect_pit, lemuel_doored_altar, serial_shops, shop,
          david_nohive_1
D:9:      grunt_temple_overflow_growth_and_decay,
          grunt_temple_overflow_champion_of_chaos, minmay_lair_entry_grove,
          serial_glass, glass_columns_c, glass_columns_a, item_on_display_a,
          item_on_display_a
D:10:     david_orc_4, serial_shops, nicolae_shop_behind_doors,
          kennysheep_nondescript, nrook_loot_triangle
D:12:     yredelemnul_altar_generic
D:13:     david_vaults_3, guppyfry_shop_venom
Lair:1:   kennysheep_abandoned_house, serial_bayou_shore_a, lemuel_fruit_tree,
          uniq_gastronok
Lair:3:   patterned_corridor, uniq_maud, uniq_fannar, uniq_snorg
Lair:5:   minmay_lair_oklob_items, minmay_shoals_entry_lonely_mermaid,
          serial_bayou_lagoon_a
Lair:6:   nicolae_spider_entry_tight_spaces, infiniplex_staircase_pool_2
Lair:7:   minmay_lair_oklob_chamber, slime_altar_2, beast_lair_carwin_10,
          grunt_megastairs_3
Lair:8:   due_jungle_book, serial_bayou_crossing, grunt_megastairs_4

Action                   |  1- 3 |  4- 6 |  7- 9 | 10-12 || total
-------------------------+-------+-------+-------+-------++-------
Melee: Hand axe          |    29 |    35 |   118 |    70 ||   252
       War axe           |       |       |       |   223 ||   223
       Battleaxe         |       |       |       |    95 ||    95
Invok: Berserk           |     3 |     5 |     5 |    17 ||    30
       Trog's Hand       |       |     2 |     8 |    25 ||    35
 Abil: Device Recharging |       |       |     2 |     1 ||     3
Evoke: Wand              |     1 |     3 |     8 |    22 ||    34
  Use: Potion            |     4 |     1 |       |     6 ||    11
       Scroll            |       |     2 |     1 |    19 ||    22
 Stab: Sleeping          |     1 |       |       |       ||     1
       Paralysed         |       |       |       |    19 ||    19
  Eat: Chunk             |       |     7 |     8 |    22 ||    37
       Meat ration       |       |       |       |     1 ||     1
       Fruit             |       |       |       |     1 ||     1
       Pizza             |       |       |       |     1 ||     1
